 Dungeon Crawl Stone Soup version 0.28.0-43-g3370ac3207 (webtiles) character file.

Game seed: 39610436238166992

9 Kaptain the Digger (level 2, -5/16 HPs)
             Began as a Gargoyle Earth Elementalist on Mar 16, 2022.
             Slain by an iguana (10 damage)
             ... on level 2 of the Dungeon.
             The game lasted 00:01:08 (520 turns).

Kaptain the Digger (Gargoyle Earth Elementalist)     Turns: 520, Time: 00:01:09

Health: -5/16      AC:  4    Str: 11    XL:     2   Next: 16%
Magic:  3/5        EV: 12    Int: 15    God:
Gold:   50         SH:  0    Dex: 10    Spells: 4/5 levels left

rFire   . . .      SeeInvis .   a - +0 short sword
rCold   . . .      Faith    .   (no shield)
rNeg    + . .      Spirit   .   b - +0 robe
rPois   ∞          Reflect  .   (no helmet)
rElec   +          Harm     .   (no cloak)
rCorr   .          Rampage  .   (no gloves)
Will    .....                   (no boots)
Stlth   ++........              (no amulet)
HPRegen 0.05/turn               (no ring)
MPRegen 0.09/turn               (no ring)

@: very slightly contaminated
A: sickness immunity, AC +2, negative energy resistance 1, electricity
resistance, torment resistance 1, petrification resistance
a: no special abilities


You were on level 2 of the Dungeon.
You visited 1 branch of the dungeon, and saw 2 of its levels.

You collected 50 gold pieces.

Inventory:

Hand Weapons
 a - a +0 short sword (weapon)
Missiles
 c - 73 stones
Armour
 b - a +0 robe (worn)
Magical Staves
 f - a staff of conjuration
Scrolls
 e - a scroll of immolation {unknown}
Potions
 d - a potion of mutation {unknown}
 g - a potion of degeneration {unknown}
 h - a potion of might {unknown}


   Skills:
 * Level 0.6 Fighting
 + Level 0.2 Armour
 + Level 1.6 Dodging
 - Level 2.1 Stealth
 * Level 2.1 Spellcasting
 * Level 0.6 Conjurations
 - Level 0.7 Transmutations
 * Level 3.8 Earth Magic


You had 4 spell levels left.
You knew the following spells:

 Your Spells              Type           Power      Damage    Failure   Level
a - Sandblast             Erth           26%        2d8       4%          1

Your spell library contained the following spells:

 Spells                   Type           Power      Damage    Failure   Level
 Passwall                 Tmut/Erth      6%         N/A       13%         2
 Stone Arrow              Conj/Erth      16%        3d8       26%         3
 Summon Guardian Golem    Hex/Summ       1%         N/A       54%         3
 Vampiric Draining        Necr           1%         2d6       54%         3
 Petrify                  Tmut/Erth      8%         N/A       65%         4
 Excruciating Wounds      Necr           0%         N/A       99%         5
 Infestation              Necr           0%         N/A       100%        8


Dungeon Overview and Level Annotations

Branches:
Dungeon (1/15)

Altars:


Innate Abilities, Weirdness & Mutations

You are immune to sickness and miasma.
Your stone body is resilient. (AC +2)
You are immune to poison.
You resist negative energy. (rN+)
You are resistant to electric shocks. (rElec)
You are resistant to unholy torment.
You are immune to petrification.


Message History

The blast of sand hits the worm!
The worm is heavily wounded.
Casting: Sandblast (safe; 4% risk of failure)
Confirm with . or Enter, or press ? or * to list all spells.
Aiming: Sandblast (safe; 4% risk of failure)
Press: ? - help, Shift-Dir - straight line, f/p - worm
Aim: a worm (heavily wounded, 93% to hit)
The blast of sand hits the worm.
The worm is severely wounded.
Casting: Sandblast (safe; 4% risk of failure)
Confirm with . or Enter, or press ? or * to list all spells.
Aiming: Sandblast (safe; 4% risk of failure)
Press: ? - help, Shift-Dir - straight line, f/p - worm
Aim: a worm (severely wounded, 93% to hit)
The blast of sand hits the worm!
You kill the worm!
You have reached level 2!
You start resting.
Magic restored.
An iguana comes into view.
Found 5 gold pieces.
The iguana hisses angrily.
Casting: Sandblast (safe; 4% risk of failure)
Confirm with . or Enter, or press ? or * to list all spells.
Aiming: Sandblast (safe; 4% risk of failure)
Press: ? - help, Shift-Dir - straight line, f - iguana
Aim: an iguana (82% to hit)
The blast of sand hits the iguana but does no damage.
The iguana bites you!
Ouch! That really hurt!
Casting: Sandblast (safe; 4% risk of failure)
Confirm with . or Enter, or press ? or * to list all spells.
Aiming: Sandblast (safe; 4% risk of failure)
Press: ? - help, Shift-Dir - straight line, f/p - iguana
Aim: an iguana (82% to hit)
You miscast Sandblast.
You are very lightly contaminated with residual magic.
Nothing appears to happen.
The iguana bites you!
Ouch! That really hurt!
You die...

#......#######.#
#.####.# #.# #.####.#
#.# #.##...# #.#
#.##.#.# #.# #....#.#
#.# ##
#......#######.# ..
##..##.........###.###
......####......@l...#
.##.#.# #######.#.#.#
.##.#.# ....# .##...#
#...... .###..#
#..#.#$.# .###..#
...#.# .. ......#
#.##.. # ####.## #.
##.# #.# ##.#


You could see an iguana.

Vanquished Creatures
  A worm (D:2)
  A bat (D:2)
  A giant cockroach (D:1)
  3 kobolds (D:1)
  A spectral kobold (D:1)
7 creatures vanquished.

Notes
Turn   | Place    | Note
-------+----------+-------------------------------------------
     0 | D:1      | Kaptain the Gargoyle Earth Elementalist began the quest for
                  | the Orb.
     0 | D:1      | Reached XP level 1. HP: 10/10 MP: 3/3
    28 | D:1      | Got the Catalogue of Supportive Evil
   234 | D:1      | Found a faded altar of an unknown god.
   284 | D:1      | You fall into a shaft and drop 1 floor!
   450 | D:2      | Reached XP level 2. HP: 16/16 MP: 0/5
   520 | D:2      | Slain by an iguana

Illustrated notes

Levels and vault maps discovered:
D:1:      lordsloth_arrival_two_stooges, layout_basic,
          dreamdust_ecumenical_altar_drowned_temple,
          chequers_serial_rivers_micro_c, roderic_lattice_a
D:2:      layout_loops_cross, uniq_natasha, uniq_jessica, uniq_robin

Action                   || total
-------------------------++-------
Melee: Short sword       ||     6
 Cast: Sandblast         ||     8
Armor: Robe              ||     4
Dodge: Dodged            ||     3
